[Event "Late-Titled-Tuesday-Blitz-October-03-2023"]
[Site "Chess.com"]
[Date "2023.10.03"]
[Round "7"]
[White "FabianoCaruana"]
[Black "rasmussvane"]
[Result "1-0"]
[WhiteElo "3078"]
[BlackElo "2993"]
[TimeControl "180+1"]
[EndTime "15:14:50 PDT"]
[Termination "FabianoCaruana won by resignation"]

1. e4 c6 2. d4 d5 3. e5 Bf5 4.
c4 e6 5. Nc3 Ne7 6. Nge2 Nd7 7.
Ng3 Bg6 8. h4 h6 9. h5 Bh7 10. Bd3 Bxd3 11. Qxd3 dxc4 12. Qxc4 Nb6 13. Qd3 Qd7 14. O-O Rd8 15. Be3 Nf5 16. Nxf5 exf5 17. d5 cxd5 18. Bxb6 axb6 19. Rad1 d4 20. Ne2 Bc5 21.
a3 b5 22. Ng3 f4 23. Nf5 O-O 24. Rfe1 Rfe8 25. b4 Bf8 26. Nxd4 Qg4 27. Qf3 Qxf3 28. Nxf3 g6 29. Rxd8 Rxd8 30. e6 Bg7 31. exf7+ Kxf7 32. hxg6+ Kxg6 33. Re6+ Kf5 34. Rb6 Rd5 35. Rxb7 Bb2 36. Ra7 Rd1+ 37. Kh2 Rf1 38. Ra5 Rxf2 39. Rxb5+ Kg4 40.
a4 Bc3 41. a5 Ra2 42. Rb6 Ra4 43. Rc6 Bxb4 44. Rc4 h5 45. a6 h4 46. Ne5+ Kf5 47. Nd3 f3 48. Rxb4 Rxb4 49. Nxb4 f2 50. Nc2 Ke4 51.
a7 f1=Q 52. a8=Q+ Ke5 53. Qf3 Qc4 54. Ne3 Qd4 55. Ng4+ Ke6 56. Kh3 Qa1 57. Kxh4 Qh8+ 58. Kg3 Qb8+ 59. Qf4 Qb3+ 60. Qe3+ Qxe3+ 61. Nxe3 1-0

[Event "Late-Titled-Tuesday-Blitz-October-03-2023"]
[Site "Chess.com"]
[Date "2023.10.03"]
[Round "7"]
[White "sergoy"]
[Black "Vaathi_Coming"]
[Result "1-0"]
[WhiteElo "3013"]
[BlackElo "2887"]
[TimeControl "180+1"]
[EndTime "15:14:52 PDT"]
[Termination "sergoy won on time"]

1. d4 Nf6 2. c4 a6 3. Nc3 c5 4.
d5 b5 5. Nf3 d6 6. Qc2 b4 7. Na4 e5 8. dxe6 Bxe6 9. g3 Nc6 10.
Bg2 Rc8 11. O-O Be7 12. Rd1 Qc7 13. b3 O-O 14. Bb2 h6 15. Rd2 Ne5 16. Rad1 Bd7 17. Nh4 Bxa4 18. bxa4 Rfe8 19. Nf5 Rcd8 20. h3 Bf8 21. f4 Ng6 22. Bxf6 gxf6 23. e4 Re6 24.
Ne3 Ne7 25. f5 Re5 26. Ng4 Bg7 27. Nxe5 fxe5 28. f6 Bxf6 29. Rf2 Bg7 30. Rdf1 Rf8 31. Qe2 Nc6 32. h4 Nd4 33. Qg4 Qe7 34. Bh3 a5 35. Qh5 Qe8 36. g4 f6 37. Qxe8 Rxe8 38.
Kg2 Ne6 39. Rd1 Nf4+ 40. Kg3 Rd8 41. Rfd2 Bf8 42. Bf1 Ne6 43. Bd3 Be7 44. Rf2 Kg7 45. Be2 Nc7 46. Rdf1 Na8 47. g5 Rf8 48. gxh6+ Kxh6 49. Kh3 Nb6 50. Rg1 Nxa4 51. Rfg2 Nc3 52. Rg6+ Kh7 53.
Rg7+ Kh8 54. Bh5 Nxe4 55. Rxe7 f5 56. Bg6 Nf6 57. Bxf5 a4 58. Rg6 b3 59. Rh6+ Kg8 60. axb3 a3 61. Be6+ Rf7 62. Rxf7 1-0

[Event "Late-Titled-Tuesday-Blitz-October-03-2023"]
[Site "Chess.com"]
[Date "2023.10.03"]
[Round "7"]
[White "Kirill_Klukin"]
[Black "TheoSlade"]
[Result "1-0"]
[WhiteElo "2696"]
[BlackElo "2509"]
[TimeControl "180+1"]
[EndTime "15:14:53 PDT"]
[Termination "Kirill_Klukin won by resignation"]

1. c4 e6 2. Nc3 d5 3. d4 a6 4. cxd5 exd5 5. Bf4 Nf6 6. e3 c5 7. Nf3 c4 8. a4 Bb4 9. Nd2 O-O 10. Be2 Nc6 11.
O-O Be6 12. Bf3 Re8 13. Bg5 Bxc3 14. bxc3 h6 15. Bh4 b5 16. axb5 axb5 17. Rxa8 Qxa8 18. Bxf6 gxf6 19. e4 Ne7 20. Re1 f5 21. exd5 Bxd5 22.
Qc1 Kh7 23. h3 Bxf3 24. Nxf3 Ng6 25. Rxe8 Qxe8 26. Qb1 Qd7 27. h4 Nf4 28. Ne5 Qe6 29.
Qxb5 Ne2+ 30. Kf1 Nxc3 31. Qxc4 Nd5 32. Qc6 Qxc6 33. Nxc6 Kg6 34. Ne5+ Kh5 35. Nxf7 Kxh4 36. Nxh6 f4 37. Ke2 Kg5 38. Nf7+ Kf5 39. Kf3 Nb4 40. Nd6+ Ke6 41. Nb5 Kf5 42. Ke2 Ke4 43. Kd2 Nc6 44. d5 Kxd5 45. Nc3+ Ke5 46. Kd3 Nb4+ 47. Ke2 Kf5 48.
Kf3 Nc2 49. Ke2 Nd4+ 50. Kd3 Ne6 51. Ne2 Nc5+ 52. Kd4 Ne6+ 53. Kd5 Ng5 54. Nd4+ Kf6 55. Nf3 Kf5 56. Nxg5 Kxg5 57. Ke4 Kg4 58. f3+ Kg3 59. Kf5 Kxg2 60. Kxf4 Kh3 61. Ke5 1-0

[Event "Late-Titled-Tuesday-Blitz-October-03-2023"]
[Site "Chess.com"]
[Date "2023.10.03"]
[Round "7"]
[White "Zhigalko_Sergei"]
[Black "OparinGrigoriy"]
[Result "1-0"]
[WhiteElo "2968"]
[BlackElo "3000"]
[TimeControl "180+1"]
[EndTime "15:14:56 PDT"]
[Termination "Zhigalko_Sergei won by resignation"]

1. e4 e5 2. Nf3 Nc6 3. Bc4 Nf6 4.
d3 h6 5. O-O Bc5 6. c3 d6 7.
Nbd2 O-O 8. Bb3 a5 9. h3 Re8 10. Re1 Ba7 11. Nf1 Be6 12. Ba4 Qb8 13. Bb5 Bd7 14.
Ng3 Ne7 15. Bxd7 Nxd7 16. d4 Ng6 17. Be3 Nf6 18. Qd3 b5 19. Rad1 b4 20. dxe5 Nxe5 21. Nxe5 Rxe5 22. Bd4 Re6 23. Nf5 Bxd4 24. cxd4 Qb7 25.
d5 Re5 26. Qg3 g6 27. Qh4 gxf5 28. Qxf6 Qb5 29. Re3 f4 30. Qxf4 Rg5 31. Rc1 Qb6 32. Rc6 Qa7 33. Rg3 Rxg3 34. Qxg3+ Kh7 35. e5 Rg8 36.
Qd3+ Kg7 37. exd6 cxd6 38. Rxd6 Qe7 39. Qg3+ Kh7 40. Qf4 Rg5 41. h4 Rh5 42. g3 a4 43.
Kg2 a3 44. bxa3 bxa3 45. Rf6 Kg7 46. Qg4+ Kxf6 47. Qxh5 Kg7 48. Qg4+ Kf8 49. Qf4 Kg7 50. Qd4+ Kg8 51. d6 Qb7+ 52. Kh2 Qd7 53. Qd3 Qa7 54. d7 Qxf2+ 55. Kh3 Kg7 56. d8=Q 1-0

[Event "Late-Titled-Tuesday-Blitz-October-03-2023"]
[Site "Chess.com"]
[Date "2023.10.03"]
[Round "7"]
[White "BillieKimbah"]
[Black "nihalsarin"]
[Result "1-0"]
[WhiteElo "2977"]
[BlackElo "3057"]
[TimeControl "180+1"]
[EndTime "15:14:56 PDT"]
[Termination "BillieKimbah won on time"]

1. d4 a6 2. h4 d5 3. h5 h6 4.
Nc3 Nf6 5. Bf4 Bg4 6. Qd3 e6 7. Qg3 Bxh5 8. Bxc7 Qc8 9. Bd6 Bxd6 10. Qxd6 Bg6 11. Nf3 Nc6 12. O-O-O b5 13. a3 Rb8 14.
e3 b4 15. axb4 Nxb4 16. Bd3 Bxd3 17. cxd3 Qd8 18. Qxd8+ Kxd8 19. Ne5 Ke7 20. Kd2 Rhc8 21. Ra1 Nc6 22. Kc2 Nxe5 23. dxe5 Ng4 24. Rxa6 Rb7 25.
Rha1 Nxf2 26. Ra7 Rcc7 27. Rxb7 Rxb7 28. Ra4 h5 29. b4 Ng4 30. Kd2 Nxe5 31. b5 Nd7 32. e4 Nc5 33. Rb4 d4 34. Nd1 e5 35.
Nb2 Ke6 36. Nc4 g6 37. b6 Nd7 38. Rb5 f6 39. Rd5 Ke7 40. Rd6 Rb8 41. Rc6 Kd8 42.
Kc2 Rc8 43. Re6 Rc5 44. Kd2 Rb5 45. g3 Rb3 46. Kc2 Rc3+ 47. Kb2 Rxd3 48. b7 Rc3 49. Rd6 Kc7 50. Rxd7+ Kb8 51. Na5 Ka7 52. Rd8 1-0

[Event "Late-Titled-Tuesday-Blitz-October-03-2023"]
[Site "Chess.com"]
[Date "2023.10.03"]
[Round "7"]
[White "MathiasCasalaspro"]
[Black "MathiasWomacka"]
[Result "1/2-1/2"]
[WhiteElo "2362"]
[BlackElo "2509"]
[TimeControl "180+1"]
[EndTime "15:14:59 PDT"]
[Termination "Game drawn by repetition"]

1. d4 Nf6 2. Bg5 Ne4 3. h4 c5 4. d5 Qb6 5. Nd2 Nxd2 6. Bxd2 Qxb2 7. e4 Qb6 8. Nf3 d6 9. Rb1 Qc7 10. a4 e5 11. h5 Be7 12. h6 g6 13. Bg5 Bxg5 14.
Nxg5 Qa5+ 15. Qd2 Qxd2+ 16. Kxd2 Ke7 17. a5 Nd7 18. f3 Rb8 19. g4 Nf8 20. Bc4 f6 21. Nh3 g5 22. Rb2 Ng6 23. Rhb1 Kd8 24. Nf2 Kc7 25. Nh1 Nh4 26. Ke2 Rg8 27. Ng3 Rg6 28.
Nh5 Rxh6 29. Ng7 Rg6 30. Ne6+ Bxe6 31. dxe6 Rg7 32. Kf2 Ng6 33. Bd5 Kc8 34. Rh1 Nf4 35. Ke3 Kc7 36. Rh6 Ng6 37. c4 Re7 38. Rbh2 b6 39. axb6+ Rxb6 40. Rxh7 Rb3+ 41. Kf2 Rb2+ 42. Kg3 Rxh2 43. Rxh2 a5 44. Rb2 Kc8 45. Ra2 Ra7 46.
Rh2 a4 47. Ra2 a3 48. Kf2 Kd8 49. Ke3 Nf4 50. Kd2 Ke7 51. Kc3 Nxe6 52. Bxe6 Kxe6 53. Kb3 Kd7 54. Rxa3 Rxa3+ 55. Kxa3 Kc6 56. Ka4 Kb6 57. Ka3 Ka6 58. Ka4 Kb6 59. Ka3 Ka5 60. Kb3 Kb6 61.
Ka4 Ka6 62. Ka3 Ka5 63. Kb3 Kb6 64. Ka4 Ka6 65. Ka3 Ka5 1/2-1/2

[Event "Late-Titled-Tuesday-Blitz-October-03-2023"]
[Site "Chess.com"]
[Date "2023.10.03"]
[Round "7"]
[White "Beca95"]
[Black "vugarrasulov"]
[Result "1/2-1/2"]
[WhiteElo "3010"]
[BlackElo "2969"]
[TimeControl "180+1"]
[EndTime "15:15:02 PDT"]
[Termination "Game drawn - insufficient material"]

1. e4 c5 2. Nc3 e6 3. Nge2 a6 4. g3 d5 5. exd5 exd5 6. d4 Nf6 7. Bg2 Nc6 8. O-O cxd4 9. Nxd4 Be7 10. Bg5 O-O 11.
Nb3 Be6 12. Rb1 Qb6 13. Bxf6 Bxf6 14. Nxd5 Bxd5 15. Qxd5 Rad8 16. Qc5 Qc7 17. c3 Rc8 18. Bxc6 Qb8 19. Rbd1 Rxc6 20. Qf5 g6 21. Qf3 Qc7 22. Rd5 Rd8 23. Rfd1 Rxd5 24. Qxd5 Re6 25. Kg2 Kg7 26.
Qd7 Qb6 27. Rd2 h5 28. h4 Re1 29. Qd5 Qc7 30. Qf3 Qc4 31. Qd3 Qc6+ 32. Qd5 Qc7 33. Nd4 b5 34. Nf3 Ra1 35. a3 Qe7 36. Rd1 Rxd1 37.
Qxd1 Qe4 38. Kf1 a5 39. Qe2 Qd5 40. Kg2 Qb7 41. Qd3 b4 42. axb4 axb4 43. cxb4 Qxb4 44.
b3 Qb7 45. Kg1 Qc6 46. Nd2 Qc1+ 47. Kg2 Qd1 48. Qd6 Bc3 49. Ne4 Qc2 50. Qd5 Bf6 51.
b4 Qc7 52. Nxf6 Kxf6 53. b5 Ke7 54. Qe4+ Kd7 55. Qd4+ Kc8 56. Qd5 Kb8 57. Kf3 Ka7 58.
Qc6 Qxc6+ 59. bxc6 Kb6 60. Ke4 Kxc6 61. Ke5 Kd7 62.
Kf6 Ke8 63. Kg7 Ke7 64. f3 Ke6 65. g4 hxg4 66. fxg4 f5 67. h5 fxg4 68. h6 g3 69. h7 g2 70. h8=Q g1=Q 71. Qc8+ Kd6 72. Qd8+ Ke6 73.
Qf6+ Kd7 74. Qxg6 Qxg6+ 75. Kxg6 1/2-1/2

[Event "Late-Titled-Tuesday-Blitz-October-03-2023"]
[Site "Chess.com"]
[Date "2023.10.03"]
[Round "7"]
[White "ozates"]
[Black "MikaelyanArman"]
[Result "1/2-1/2"]
[WhiteElo "2640"]
[BlackElo "2843"]
[TimeControl "180+1"]
[EndTime "15:15:03 PDT"]
[Termination "Game drawn by repetition"]

1. e4 e5 2. Nf3 Nc6 3. Bc4 Bc5 4. c3 d6 5. d3 Nf6 6. O-O a5 7. Nbd2 O-O 8. h3 Be6 9. Bb5 Nd7 10. Re1 f5 11. Bxc6 bxc6 12. d4 exd4 13. Nxd4 Bxd4 14. cxd4 fxe4 15. Nxe4 Bd5 16. Bg5 Qb8 17.
Qg4 Rf7 18. Bh4 Bxe4 19. Rxe4 Qxb2 20. Rae1 Raf8 21. Re7 Qd2 22. f3 Rxe7 23. Rxe7 Qc1+ 24. Re1 Qf4 25. Qxd7 Qxh4 26. Re4 Qd8 27. Qxc6 h6 28. Qd5+ Kh8 29. Qxa5 Qb8 30. Qe1 c5 31. dxc5 dxc5 32. Qc3 Qd6 33. Rc4 Qd1+ 34. Kh2 Qd6+ 35. Kg1 Rf5 36.
Re4 Kh7 37. a4 Rd5 38. Rg4 Rd1+ 39. Kf2 Rd2+ 40. Kg1 Rd4 41. Rxd4 cxd4 42. Qd3+ Kh8 43. a5 Qe5 44. a6 Qe1+ 45. Kh2 Qe5+ 46. g3 Qa5 47. h4 Qa2+ 48. Kh3 Qe6+ 49. g4 Qa2 50. Kg3 Qa5 51. Kf4 Qc7+ 52. Ke4 Qd6 53. Qxd4 Qxa6 54.
Qd8+ Kh7 55. Qd3 Qb7+ 56. Ke3+ Kh8 57. Qe4 Qb2 58. Qe8+ Kh7 59. Qe4+ Kh8 60. Qd4 Qg2 61. Qd8+ Kh7 62. Qd3+ Kh8 63. h5 Qg3 64. Qd8+ Kh7 65. Qd3+ Kh8 66. Qe4 Qg1+ 67. Ke2 Qh2+ 68. Ke1 Qg1+ 69.
Ke2 Qh2+ 70. Ke1 Qg1+ 71. Ke2 1/2-1/2

[Event "Late-Titled-Tuesday-Blitz-October-03-2023"]
[Site "Chess.com"]
[Date "2023.10.03"]
[Round "7"]
[White "Njal28"]
[Black "chesskov1982"]
[Result "1/2-1/2"]
[WhiteElo "3082"]
[BlackElo "2852"]
[TimeControl "180+1"]
[EndTime "15:15:05 PDT"]
[Termination "Game drawn - insufficient material"]

1. d4 d5 2. c4 c6 3. Nc3 Nf6 4.
Nf3 e6 5. Bg5 h6 6. Bxf6 Qxf6 7.
a3 g6 8. e4 dxe4 9. Nxe4 Qd8 10.
g3 Bg7 11. Bg2 O-O 12. O-O Nd7 13. Re1 Qc7 14. Rc1 e5 15. c5 exd4 16. Nd6 Nf6 17. Nxd4 Rd8 18. Qb3 Bf8 19. Qe3 Kg7 20. Rcd1 Bxd6 21.
cxd6 Rxd6 22. Qe5 Rd7 23. Qxc7 Rxc7 24. Nb3 Bg4 25. f3 Be6 26. Nc5 Bd5 27. f4 Bxg2 28. Kxg2 Nd5 29. Rd2 b6 30. Nd3 Rd8 31. Ree2 Rcd7 32.
Rc2 c5 33. Ne5 Re7 34. Kf2 Rde8 35. Nc6 Rxe2+ 36. Rxe2 Rxe2+ 37. Kxe2 a6 38. Kd3 Kf6 39. Nb8 a5 40. Kc4 Ke6 41. Kb5 g5 42. Nc6 gxf4 43.
gxf4 Kd6 44. Ne5 f5 45. Nc4+ Kc7 46. h4 h5 47. a4 Nxf4 48. Nxb6 Ng6 49. Kxc5 f4 50.
Nd5+ Kb7 51. Kd4 f3 52. Ke3 Nxh4 53. Nf4 Kb6 54. Nxh5 Kc5 55. Nf4 Kb4 56. Kf2 Kxa4 57.
Nd3 Kb3 58. Kg3 Kc2 59. Nc5 Kxb2 60. Nd3+ Kc3 61. Nc5 Kb4 62. Nd3+ Ka3 63. Kxh4 a4 64. Kg3 Kb3 65. Nc5+ Kb4 66. Nxa4 f2 67. Kxf2 1/2-1/2

[Event "Late-Titled-Tuesday-Blitz-October-03-2023"]
[Site "Chess.com"]
[Date "2023.10.03"]
[Round "7"]
[White "Brown_Mamba24"]
[Black "jup1978"]
[Result "0-1"]
[WhiteElo "2640"]
[BlackElo "2509"]
[TimeControl "180+1"]
[EndTime "15:15:06 PDT"]
[Termination "jup1978 won by checkmate"]

1. d4 d5 2. Nf3 Nf6 3. c4 c6 4. Nbd2 g6 5. g3 Bg7 6. Bg2 O-O 7. O-O Bf5 8. Qb3 Qb6 9. Nh4 Be6 10. c5 Qxb3 11. axb3 Nbd7 12. b4 b6 13. Nb3 bxc5 14.
bxc5 Rfb8 15. Na5 Rc8 16. f4 Ne4 17. e3 Rab8 18. Re1 Rb4 19. Bf1 Nb8 20. Nf3 f6 21. Ra2 Bf7 22. Nd2 e5 23. Nxe4 dxe4 24. b3 exd4 25.
Bd2 Rb5 26. Bxb5 cxb5 27. exd4 f5 28. Be3 Bd5 29. c6 Rc7 30. Rc1 Na6 31. Nb7 Nb4 32.
Rxa7 Nd3 33. Rca1 Rxc6 34. Ra8+ Kf7 35. Nd8+ Kf6 36. Nxc6 Bxc6 37. R1a6 Nb4 38. Rb6 Ke6 39. Rc8 Kd6 40. d5 Kxd5 41. Rg8 Bc3 42. Rd8+ Ke6 43. Rxc6+ Nxc6 44. Rc8 Kd6 45. Rg8 b4 46. Kg2 Na5 47. Rd8+ Kc7 48. Rf8 Nxb3 49. Rf7+ Kc6 50. Rxh7 Nc5 51. Rh6 b3 52. Rxg6+ Kd5 53. Bc1 Nd3 54. Ba3 Bb4 55. Rb6 Kc4 56. Bxb4 Nxb4 57. Kf2 b2 58. Re6 b1=Q 59. Re5 Qd3 60. Kg2 Qf3+ 61.
Kh3 Qg4+ 62. Kg2 Nd3 63. Re7 Qf3+ 64. Kh3 Nf2+ 65. Kh4 Qg4# 0-1

[Event "Late-Titled-Tuesday-Blitz-October-03-2023"]
[Site "Chess.com"]
[Date "2023.10.03"]
[Round "7"]
[White "GaiozNigalidze"]
[Black "SanchezKelvin"]
[Result "0-1"]
[WhiteElo "2742"]
[BlackElo "2588"]
[TimeControl "180+1"]
[EndTime "15:15:09 PDT"]
[Termination "SanchezKelvin won by resignation"]

1. d4 Nf6 2. c4 e6 3. Nf3 b6 4.
g3 Bb7 5. Bg2 c5 6. dxc5 Bxc5 7.
O-O O-O 8. b3 Be7 9. Bb2 d6 10.
Nc3 a6 11. Qd4 Nbd7 12. Rfd1 Qc7 13. Ba3 Nc5 14. h3 Rfd8 15. Rac1 Rac8 16. Qf4 Qb8 17. Nd2 Bxg2 18. Kxg2 b5 19. cxb5 axb5 20. Bb4 Na6 21. Ba5 Rd7 22. Nce4 Nd5 23. Qf3 Rxc1 24. Rxc1 Qa8 25. a3 Nc5 26. Bb4 Qa7 27. h4 h6 28.
Rc2 f5 29. Nc3 Nxc3 30. Rxc3 Bf6 31. Re3 Be5 32. Qc6 Qb7 33. Qxb7 Nxb7 34. Nf3 Bf6 35. Rxe6 Kf7 36. Re3 Nc5 37. Ne1 Ne4 38. Rd3 Ke6 39. Nf3 Be5 40. Nd4+ Bxd4 41. Rxd4 d5 42. Rd3 Rc7 43.
Re3 Kf7 44. Ba5 Rc2 45. Bb4 d4 46. Rd3 Rxe2 47. Rxd4 Rxf2+ 48. Kg1 Rb2 49. Rd3 g5 50. hxg5 hxg5 51. Ba5 Kg6 52. Bc7 Kh5 53. a4 bxa4 54.
bxa4 Ra2 55. a5 Kg4 56. Kf1 Nd2+ 57. Ke1 Nf3+ 58. Kd1 Ra4 59. Kc1 Rc4+ 60. Kb2 Rxc7 61. a6 Rc6 62. a7 Rc8 63. Kb3 Ra8 64. Rd7 Kxg3 65. Kb4 f4 66. Kb5 g4 67. Kb6 Ne5 68. Kb7 Rxa7+ 69. Kxa7 Nxd7 0-1

[Event "Late-Titled-Tuesday-Blitz-October-03-2023"]
[Site "Chess.com"]
[Date "2023.10.03"]
[Round "7"]
[White "rdarruda"]
[Black "Aswathchess"]
[Result "1/2-1/2"]
[WhiteElo "2476"]
[BlackElo "2596"]
[TimeControl "180+1"]
[EndTime "15:15:10 PDT"]
[Termination "Game drawn by repetition"]

1. Nf3 d5 2. d4 Nf6 3. c4 e6 4. e3 Nbd7 5. Nc3 g6 6. Bd3 Bg7 7. O-O O-O 8. e4 dxe4 9. Nxe4 Nxe4 10. Bxe4 c5 11. Be3 Qc7 12. Rc1 Rb8 13. Qd2 cxd4 14. Nxd4 Nc5 15. Bf3 a6 16. Bh6 e5 17. Bxg7 Kxg7 18. Nb3 Be6 19. Nxc5 Qxc5 20. Qc3 Rfd8 21. Rfe1 f6 22. h3 b6 23. b4 Qd4 24. c5 bxc5 25.
bxc5 Bxa2 26. Qa5 Rb2 27. Rf1 Rd2 28. c6 e4 29. c7 Rc8 30. Qxa6 Qd7 31. Bg4 f5 32. Be2 Rxc7 33. Bb5 Qd8 34. Rxc7+ Qxc7 35.
Qa3 Bf7 36. Qe3 Qd6 37. h4 Rd4 38. g3 Rb4 39. Be2 Rb3 40. Qg5 h6 41. Qc1 e3 42. f4 Qf6 43. Rf3 Qd4 44. Rf1 Rb2 45.
Rd1 Rd2 46. Re1 h5 47. Bf3 e2+ 48. Kg2 Bd5 49. Bxd5 Qxd5+ 50. Kf2 Qd4+ 51. Kg2 Kh6 52. Qc8 Rd1 53. Qf8+ Kh7 54. Qf7+ Kh6 55. Qf8+ Qg7 56. Qxg7+ Kxg7 57. Rxe2 Rd7 58. Rf2 Kf6 59. Re2 Re7 60. Kf2 Rxe2+ 61. Kxe2 Ke6 62. Ke3 Kd5 63. Kd3 Kc5 64.
Kc3 Kd5 65. Kd3 Kc5 66. Kc3 Kd5 67. Kd3 1/2-1/2

[Event "Late-Titled-Tuesday-Blitz-October-03-2023"]
[Site "Chess.com"]
[Date "2023.10.03"]
[Round "7"]
[White "Bodhanas"]
[Black "Danishcrown"]
[Result "0-1"]
[WhiteElo "2143"]
[BlackElo "2167"]
[TimeControl "180+1"]
[EndTime "15:15:10 PDT"]
[Termination "Danishcrown won by checkmate"]

1. d4 Nf6 2. Nf3 d5 3. Bf4 c5 4.
e3 e6 5. c3 Bd6 6. Bxd6 Qxd6 7. Nbd2 O-O 8. Bd3 Nbd7 9. O-O e5 10. dxe5 Nxe5 11. Nxe5 Qxe5 12. h3 b6 13. Nf3 Qe7 14. Re1 Bb7 15. Qc2 Ne4 16. Bxe4 dxe4 17. Nd2 Rfd8 18. Rad1 Rd3 19. Nc4 Rad8 20. b3 h6 21.
Nb2 R3d6 22. Rxd6 Rxd6 23. Rd1 Rg6 24. Qd2 Kh7 25. Qd7 Qg5 26. Qg4 Qe5 27. Qd7 Qxc3 28. Qxb7 Qxb2 29. Qxa7 Qf6 30. Qa6 Qf3 31. Qf1 Rxg2+ 32.
Qxg2 Qxd1+ 33. Kh2 Qd5 34. Qg3 b5 35. Qf4 b4 36.
Kg2 Qe6 37. Qc7 Qf5 38. Qf4 Qxf4 39. exf4 Kg6 40. f3 exf3+ 41. Kxf3 Kf5 42. Ke3 g5 43. fxg5 hxg5 44. Kf3 Kg6 45. Ke4 f5+ 46. Kd5 f4 47. Ke4 Kh5 48. Kf3 Kh4 49. Kg2 f3+ 50.
Kxf3 Kxh3 51. Kf2 Kg4 52. Kg2 Kf4 53. Kf2 Ke4 54. Kg3 Kd4 55. Kg4 Kc3 56. Kxg5 Kb2 57. Kf4 Kxa2 58. Ke5 Kxb3 59. Kd5 c4 60. Kc5 c3 61. Kb5 c2 62. Kb6 c1=Q 63. Kb7 Kc4 64. Kb8 b3 65. Kb7 b2 66. Kc8 Kd3+ 67. Kd7 Ke2 68.
Ke7 Qc3 69. Kf7 Kd1 70. Kg6 Kc1 71. Kg5 Kb1 72. Kg4 Ka1 73. Kf4 Ka2 74. Kf5 b1=Q+ 75. Ke6 Qbe1+ 76. Kf7 Qf3+ 77. Kg6 Qg1+ 78. Kh7 Qf7+ 79.
Kh6 Qf6+ 80. Kh7 Qh4# 0-1

[Event "Late-Titled-Tuesday-Blitz-October-03-2023"]
[Site "Chess.com"]
[Date "2023.10.03"]
[Round "7"]
[White "BigAl"]
[Black "BeanScreen"]
[Result "0-1"]
[WhiteElo "2552"]
[BlackElo "2727"]
[TimeControl "180+1"]
[EndTime "15:15:13 PDT"]
[Termination "BeanScreen won on time"]

1. Nf3 d5 2. g3 Nd7 3. Bg2 e5 4.
d3 Ngf6 5. O-O Bd6 6. Nc3 c6 7. e4 O-O 8. exd5 cxd5 9. Nb5 Bb8 10. c4 d4 11. Re1 a6 12. Na3 Re8 13. Nc2 Nc5 14. Nh4 Bd6 15. h3 h6 16. b4 Na4 17.
Bd2 Nb2 18. Qf3 e4 19. dxe4 Nxc4 20. Qd3 Qc7 21. Nxd4 Nxd2 22. Qxd2 Qb6 23. Rab1 Be6 24. Nxe6 Rxe6 25. Nf5 Rd8 26. Qe3 Bxb4 27. Qb3 Bxe1 28. Qxb6 Rxb6 29. Rxb6 Rd2 30. Rxb7 Bxf2+ 31. Kf1 Nh5 32.
e5 Nxg3+ 33. Nxg3 Bxg3 34. Rb8+ Kh7 35. Re8 Rf2+ 36. Kg1 Re2 37. Re7 Re1+ 38. Bf1 Kg6 39. Kg2 Bxe5 40. Ra7 Bf6 41. Rxa6 h5 42. a4 Kh6 43. a5 Ra1 44. Ra8 Ra2+ 45. Kf3 Bd4 46. Bd3 g5 47. Ke4 Bf6 48. a6 Kg7 49. Rc8 Ra4+ 50.
Ke3 g4 51. hxg4 hxg4 52. Rc7 Bg5+ 53. Ke2 Bf4 54. Rd7 Ra2+ 55. Kf1 Ra1+ 56. Kg2 Ra3 57. Be4 Rxa6 58. Bd5 Rf6 0-1

[Event "Late-Titled-Tuesday-Blitz-October-03-2023"]
[Site "Chess.com"]
[Date "2023.10.03"]
[Round "7"]
[White "josiur"]
[Black "IngOscarArdila"]
[Result "1-0"]
[WhiteElo "2508"]
[BlackElo "2331"]
[TimeControl "180+1"]
[EndTime "15:15:14 PDT"]
[Termination "josiur won by resignation"]

1. e4 e5 2. Nf3 Nf6 3. Nc3 Nc6 4. Be2 Bb4 5. Nd5 Ba5 6. c3 d6 7. d3 Nxd5 8. exd5 Ne7 9. b4 Bb6 10. Qb3 O-O 11. O-O a5 12. b5 Bf5 13. a4 h6 14. Be3 Bxe3 15. fxe3 b6 16. e4 Bh7 17. Kh1 f5 18. Qc4 f4 19. Nxe5 dxe5 20. d6+ Kh8 21. dxe7 Qxe7 22. Bg4 Bg8 23. Qc6 Rad8 24. Rf3 Rd6 25.
Qb7 Rfd8 26. d4 exd4 27. cxd4 Rxd4 28. Rxf4 Qe5 29. Rff1 Rd2 30. Rac1 Qg5 31. Bf3 Bb3 32. Qxc7 Bxa4 33. Qxb6 Bxb5 34. Rfe1 Be8 35. e5 Bh5 36. Bb7 a4 37. Qa5 Rd1 38. Rcxd1 Rxd1 39. Rxd1 Bxd1 40.
Qa8+ Kh7 41. Be4+ g6 42. Qb7+ Kh8 43. Qc8+ Kh7 44. Qd7+ Kh8 45. Qe8+ Kh7 46. Qf7+ Kh8 47. Bd5 Qd8 48. h3 Bc2 49. Be6 Qd1+ 50. Kh2 Qd8 51.
Bd5 a3 52. Bc4 a2 53. Bxa2 Bf5 54. Be6 Bxe6 55. Qxe6 Kg7 56. Kg3 Qf8 57. Qd7+ Qf7 58. Qxf7+ Kxf7 59. Kf4 Ke6 60. Ke4 Ke7 61. g3 Kd7 62.
Kd5 Ke7 63. e6 g5 64. Ke5 h5 65. Kf5 g4 66. h4 Kf8 67. Kf6 Ke8 68. e7 Kd7 69. Kf7 1-0

[Event "Late-Titled-Tuesday-Blitz-October-03-2023"]
[Site "Chess.com"]
[Date "2023.10.03"]
[Round "7"]
[White "jimis98"]
[Black "santosalberto1987"]
[Result "1-0"]
[WhiteElo "2695"]
[BlackElo "2509"]
[TimeControl "180+1"]
[EndTime "15:15:18 PDT"]
[Termination "jimis98 won by resignation"]

1. d4 d5 2. Nf3 Nf6 3. c4 c6 4. e3 Bf5 5. Nh4 Bc8 6. Nc3 e6 7.
Nf3 Nbd7 8. Bd3 dxc4 9. Bxc4 b5 10. Bd3 Bb7 11. a3 a6 12. O-O c5 13. Be2 Be7 14. b3 O-O 15. Bb2 cxd4 16. Nxd4 Nc5 17. Bf3 Qb6 18. b4 Nce4 19. Nxe4 Bxe4 20. Bxe4 Nxe4 21. Qd3 Nd6 22. Nb3 Nc4 23. Bd4 Qd6 24.
Qe2 e5 25. Bc5 Qe6 26. a4 Rfd8 27. h3 h6 28. a5 Rac8 29. Rad1 Rxd1 30. Rxd1 Rd8 31.
Rxd8+ Bxd8 32. Qd3 Bc7 33. Qe4 f5 34. Qb7 Qd7 35. Qf3 e4 36. Qe2 Qd3 37. Qxd3 exd3 38. Kf1 Be5 39. Bd4 Bd6 40. Bc5 Be5 41. Bd4 Bd6 42.
Bc3 Kf7 43. Ke1 g6 44. Kd1 Ke6 45. Nc1 d2 46. Nd3 Kd5 47. Bxd2 Nxd2 48. Kxd2 Kc4 49. Kc2 Bxb4 50. Ne5+ Kd5 51. Nxg6 Bxa5 52. Ne7+ Ke6 53. Nc6 Bb6 54. g4 fxg4 55. hxg4 Kd6 56. Nd4 Bxd4 57. exd4 Kd5 58. Kd3 a5 59. f4 a4 60. g5 hxg5 61.
fxg5 a3 62. Kc2 b4 63. g6 Ke6 64. d5+ Kxd5 65. g7 Kc4 66. g8=Q+ 1-0

[Event "Late-Titled-Tuesday-Blitz-October-03-2023"]
[Site "Chess.com"]
[Date "2023.10.03"]
[Round "7"]
[White "leoduarte"]
[Black "MalcolmPein"]
[Result "1/2-1/2"]
[WhiteElo "2426"]
[BlackElo "2298"]
[TimeControl "180+1"]
[EndTime "15:15:19 PDT"]
[Termination "Game drawn - insufficient material"]

1. d4 Nf6 2. Nf3 b6 3. Bf4 Bb7 4. e3 g6 5. Be2 Bg7 6. h3 O-O 7. O-O d6 8. a4 a5 9. Bh2 Nbd7 10. c3 e6 11. b4 Qe7 12. Nbd2 Qd8 13. bxa5 Rxa5 14. Nb3 Ra7 15. a5 Qa8 16. axb6 Nxb6 17.
Qd2 Ne4 18. Qc2 Rc8 19. Rxa7 Qxa7 20. Ra1 Qb8 21. Na5 Ba8 22. Ba6 Re8 23. Bb5 Rf8 24. Nc6 Bxc6 25. Bxc6 f5 26. Bxe4 fxe4 27. Qxe4 Qe8 28.
Bg3 Qe7 29. Bh4 Qd7 30. Qd3 d5 31. Bg3 Nc4 32. e4 Qc6 33. exd5 exd5 34. Re1 Re8 35.
Ne5 Nxe5 36. dxe5 Qe6 37. f4 c5 38. Bf2 c4 39. Qd4 g5 40. Be3 Rf8 41. Rf1 gxf4 42. Bxf4 Rf5 43. Re1 h5 44. Bg3 Kh8 45. Kh2 Rg5 46. Bf4 Rf5 47. Qe3 Kh7 48. g3 Kh8 49. Qf3 Kg8 50. Rd1 Bxe5 51. Rxd5 Bxf4 52. Rd8+ Kf7 53.
Qb7+ Kg6 54. gxf4 Qe2+ 55. Qg2+ Qxg2+ 56. Kxg2 Rxf4 57. Rd6+ Kf5 58. Rd5+ Ke4 59. Rxh5 Kd3 60. Rg5 Kxc3 61. Rg4 Rxg4+ 62. hxg4 Kd4 63. g5 c3 64. g6 c2 65. g7 c1=Q 66. g8=Q Qd2+ 67. Kh3 Qe3+ 68.
Qg3 Qxg3+ 69. Kxg3 1/2-1/2

[Event "Late-Titled-Tuesday-Blitz-October-03-2023"]
[Site "Chess.com"]
[Date "2023.10.03"]
[Round "7"]
[White "rookoco"]
[Black "Mykola-Bortnyk"]
[Result "1-0"]
[WhiteElo "2773"]
[BlackElo "2934"]
[TimeControl "180+1"]
[EndTime "15:15:21 PDT"]
[Termination "rookoco won on time"]

1. e4 Nf6 2. e5 Nd5 3. d4 d6 4. Nf3 dxe5 5. Nxe5 c6 6. Be2 Bf5 7. O-O Nd7 8. Nf3 e6 9. a3 Bd6 10. Re1 O-O 11. Bf1 Re8 12. c4 N5f6 13. Nc3 h6 14. h3 e5 15. d5 Qc7 16. b4 e4 17. Nd4 Bg6 18. c5 Bh2+ 19. Kh1 cxd5 20. g3 Bxg3 21. Ndb5 Qe5 22. fxg3 a6 23.
Bf4 Qe7 24. Bd6 Qe6 25. Nd4 Bh5 26. g4 Nxg4 27. hxg4 Qf6 28. gxh5 Ne5 29. Ra2 Nd3 30.
Bxd3 exd3 31. Rxe8+ Rxe8 32. Nf3 Qxc3 33. Rg2 d2 34.
Be5 Rxe5 35. Nxe5 Qh3+ 36. Kg1 Qe3+ 37. Kf1 Qxe5 38. Qxd2 Qxh5 39. Qc3 Qd1+ 40. Kf2 d4 41. Qg3 Qd2+ 42. Kg1 Qd1+ 43. Kh2 Qh5+ 44. Qh3 Qe5+ 45. Kh1 Qe1+ 46. Rg1 Qe4+ 47. Kh2 d3 48. Qg4 Qe5+ 49. Kg2 h5 50. Qf3 Qg5+ 51. Kh2 Qh4+ 52. Qh3 Qf2+ 53.
Rg2 Qf4+ 54. Qg3 Qd4 55. Rd2 h4 56. Qxd3 Qf4+ 57. Kh3 g5 58. Qd8+ Kh7 59. Qd3+ Kg8 60. Kg2 Qg4+ 61. Kf2 Qf4+ 62. Ke2 Qg4+ 63. Qf3 Qe6+ 64.
Kd1 h3 65. Rh2 g4 66. Qg3 Qd5+ 67. Kc1 Qc4+ 68. Kb2 f5 69. Rd2 Qf7 70. Rd8+ Kg7 71. Qe5+ Qf6 72. Rd7+ Kg6 73. Rd6 Qxd6 74. cxd6 1-0